 Dungeon Crawl Stone Soup version 0.20-a0-463-g5747544 (webtiles) character file.

648 Queen the Spear-Bearer (level 7, 0/70 HPs)
             Began as an Ogre Berserker on Jan 11, 2017.
             Was a Believer of Trog.
             Slain by a centaur (4 damage)
             ... on level 6 of the Dungeon.
             The game lasted 00:20:51 (5357 turns).

Queen the Spear-Bearer (Ogre Berserker)             Turns: 5357, Time: 00:20:52

Health: 0/70       AC:  4    Str: 22    XL:     7   Next: 53%
Magic:  16/16      EV:  5    Int:  8    God:    Trog [**....]
Gold:   258        SH: 11    Dex: 10    Spells: 6/6 levels left

rFire  . . .     SeeInvis .     p - +0 spear
rCold  . . .     Gourm    .     w - +0 robe
rNeg   . . .     Faith    .     t - +0 large shield
rPois  .         Spirit   .     (helmet restricted)
rElec  .         Reflect  .     A - +0 cloak
rCorr  .         Harm     .     (gloves unavailable)
MR     ++...                    (boots unavailable)
Stlth  +.........               (no amulet)
                                (no ring)
                                l - ring of magical power

@: exhausted, regenerating, slowed, very slow
A: unfitting armour, tough skin 1
a: Berserk, Trog's Hand, Burn Spellbooks, Renounce Religion


You were on level 6 of the Dungeon.
You worshipped Trog.
Trog was pleased with you.
You were near starving.

You visited 1 branch of the dungeon, and saw 6 of its levels.

You collected 258 gold pieces.

Inventory:

Hand Weapons
 p - a +0 spear (weapon)
Missiles
 m - 193 stones (quivered)
Armour
 t - a +0 large shield (worn)
 w - a +0 robe (worn)
 A - a +0 cloak (worn)
Jewellery
 l - a ring of magical power (left hand)
Wands
 s - a wand of digging (11/24)
 x - a wand of polymorph (4/24)
Scrolls
 b - a scroll of random uselessness {unknown}
 f - a scroll of teleportation
 k - a scroll of remove curse
 o - a scroll of immolation {unknown}
 r - 2 scrolls of fear
 y - 2 scrolls of identify
Potions
 d - 2 potions of mutation
 e - 4 potions of lignification
 g - a potion of invisibility
 h - a potion of flight {unknown}
 q - 2 potions of agility
 z - a potion of curing {unknown}
Comestibles
 a - 2 chunks of flesh
 c - 5 bread rations
 i - 4 fruits
 j - 3 beef jerkies
 n - 2 slices of pizza
 v - a royal jelly


   Skills:
 - Level 4.0 Fighting
 + Level 8.5 Polearms
 - Level 2.6 Dodging


You had 6 spell levels left.
You didn't know any spells.

Dungeon Overview and Level Annotations

Branches:
Dungeon (6/15)
 Temple: D:4-7

Altars:
Ashenzari
Makhleb
Sif Muna
Uskayaw

Shops:
D:4 (   D:5 !


Innate Abilities, Weirdness & Mutations

You are too large for most types of armour.
You have tough skin. (AC +1)


Message History

You block the centaur's attack. x2
You hit the centaur.
The centaur is moderately wounded.
You block the centaur's attack. x2
You hit the centaur.
The centaur is moderately wounded.
The centaur hits you!
* * * LOW HITPOINT WARNING * * *
The centaur barely misses you.
You hit the centaur.
The centaur is heavily wounded.
You block the centaur's attack. The centaur hits you.
* * * LOW HITPOINT WARNING * * *
Aiming: Polymorph (will waste charges)
Press: ? - help, Shift-Dir - straight line, f/p - centaur
Aim: a centaur (heavily wounded, chance to defeat MR: 46%)
The centaur resists with some effort.
Evoking this partially-identified wand wasted a few charges.
The centaur hits you.
You die...

... #.. ###
#... #<# #...
#.# #..$. #(# #
#....###.#$####
#............#
#...@.....##.#
##..c.....#
+........#
#(........#
#((..####.#
#....# .+
###### #


You could see a centaur.

Vanquished Creatures
  A sky beast (D:5)
  An ogre (D:4)
  A howler monkey (D:4)
  A bullfrog zombie (D:5)
  A hound (D:5)
  A jelly (D:5)
  4 orc wizards
  Terence (D:2)
  2 worker ants
  8 adders
  2 dart slugs
  2 worms
  A leopard gecko (D:2)
  10 orcs
  A ball python (D:5)
  5 bats
  2 giant cockroaches (D:1)
  6 goblins
  5 hobgoblins
  2 jackals (D:3)
  8 kobolds
  3 quokkas
  7 frilled lizards
  A jackal skeleton (D:4)
  A quokka skeleton (D:5)
  5 rats
82 creatures vanquished.

Notes
Turn   | Place    | Note
-------+----------+-------------------------------------------
     0 | D:1      | Queen the Ogre Berserker began the quest for the Orb.
     0 | D:1      | Reached XP level 1. HP: 24/24 MP: 1/1
   317 | D:1      | Reached XP level 2. HP: 32/32 MP: 2/2
  1100 | D:2      | Reached skill level 4 in Polearms
  1100 | D:2      | Reached XP level 3. HP: 24/39 MP: 3/3
  1296 | D:2      | Noticed Terence
  1315 | D:2      | Killed Terence
  1319 | D:2      | Reached XP level 4. HP: 14/48 MP: 4/4
  1672 | D:2      | Reached skill level 5 in Polearms
  1761 | D:2      | Found a deep blue altar of Sif Muna.
  1764 | D:2      | Found a hide-covered altar of Uskayaw.
  1764 | D:2      | Found a shattered altar of Ashenzari.
  1771 | D:2      | Found a burning altar of Makhleb.
  2186 | D:3      | Reached ** piety under Trog
  3221 | D:4      | Reached XP level 5. HP: 50/54 MP: 5/5
  3223 | D:4      | Noticed an ogre
  3234 | D:4      | Reached skill level 6 in Polearms
  3254 | D:4      | Killed an ogre
  3254 | D:4      | Reached XP level 6. HP: 62/62 MP: 6/6
  3301 | D:4      | Reached skill level 7 in Polearms
  3570 | D:4      | Found Amairet's Antique Weapon Emporium.
  4085 | D:5      | Entered Level 5 of the Dungeon
  4085 | D:5      | Noticed a sky beast
  4111 | D:5      | Killed a sky beast
  4111 | D:5      | Reached XP level 7. HP: 23/70 MP: 7/7
  4509 | D:5      | Found Otont's Distillery.
  4598 | D:5      | Reached skill level 8 in Polearms
  5356 | D:6      | HP: 2/70 [centaur (5)]
  5357 | D:6      | Slain by a centaur

Vault maps used:
D:1:      dpeg_arrival_simpleton_a
D:2:      grunt_temple_overflow_open, uniq_terence
D:4:      first_bread, serial_shops, nicolae_shop_trees
D:5:      serial_shops, nicolae_shop_crystal, kennysheep_generic_room_15
D:6:      serial_shops, shop_fountains, shop, kennysheep_mini,
          lexackson_kobold_supper

Skill      XL: |  1  2  3  4  5  6  7 |
---------------+----------------------+-----
Polearms       | 4 5 6 7 8 |  8.5
Fighting       | |  4.0
Dodging        | |  2.6

Action                   |  1- 3 |  4- 6 |  7- 9 || total
-------------------------+-------+-------+-------++-------
Melee: Spear             |    78 |   206 |   133 ||   417
Throw: Stone             |       |    63 |    31 ||    94
Invok: Berserk           |     1 |     2 |     1 ||     4
       Trog's Hand       |       |     2 |     2 ||     4
Evoke: Wand              |       |       |     1 ||     1
  Use: Scroll            |       |     7 |       ||     7
  Eat: Chunk             |     1 |     9 |     3 ||    13
       Meat ration       |       |     1 |       ||     1
Armor: Animal skin       |     8 |    31 |     5 ||    44
       Robe              |       |       |    12 ||    12
Dodge: Dodged            |    26 |    41 |    21 ||    88
Block: Large shield      |       |    55 |    56 ||   111
